 Dungeon Crawl Stone Soup version 0.29-a0-483-g69413ace17 (webtiles) character file.

Game seed: 12433274229026511159

2573 siradein the Cleaver (level 9, -16/81 HPs)
             Began as a Hill Orc Fighter on May 26, 2022.
             Was a Believer of Makhleb.
             Killed from afar by Maggie (37 damage)
             ... with a bolt of acid
             ... on level 6 of the Dungeon.
             The game lasted 00:22:29 (7063 turns).

siradein the Cleaver (Hill Orc Fighter)             Turns: 7063, Time: 00:22:30

Health: -16/81     AC: 16    Str: 23    XL:     9   Next: 57%
Magic:  0/14       EV: 12    Int:  8    God:    Makhleb [**....]
Gold:   373        SH:  5    Dex: 10    Spells: 8/8 levels left

rFire   . . .      SeeInvis .   a - +0 war axe
rCold   . . .      Faith    .   c - +0 buckler
rNeg    . . .      Spirit   +   l - +0 chain mail
rPois   .          Reflect  .   o - +2 helmet
rElec   .          Harm     .   (no cloak)
rCorr   .          Rampage  .   B - +1 pair of gloves
Will    .....                   (no boots)
Stlth   ..........              h - amulet of guardian spirit
HPRegen 0.23/turn               u - +4 ring of evasion
MPRegen 0.14/turn               (no ring)

@: mighty, mesmerised
A: no striking features
a: Renounce Religion, Minor Destruction


You were on level 6 of the Dungeon.
You worshipped Makhleb.
Makhleb was pleased with you.
You visited 1 branch of the dungeon, and saw 8 of its levels.

You collected 373 gold pieces.

Inventory:

Hand Weapons
 a - a +0 war axe (weapon)
Missiles
 v - 4 curare-tipped darts
Armour
 c - a +0 buckler (worn)
 l - a +0 chain mail (worn)
 o - a +2 helmet (worn)
 B - a +1 pair of gloves (worn)
Jewellery
 g - a ring of fire
 h - an amulet of guardian spirit (around neck)
 u - a +4 ring of evasion (left hand)
Wands
 i - a wand of flame (26)
 w - a wand of paralysis (7)
Scrolls
 j - 3 scrolls of blinking
 k - a scroll of brand weapon {unknown}
 m - a scroll of torment
 n - a scroll of fear
 p - 2 scrolls of enchant armour
 q - 2 scrolls of enchant weapon {unknown}
 t - 4 scrolls of teleportation
 y - 2 scrolls of identify
Potions
 b - a potion of heal wounds {unknown}
 e - a potion of brilliance {unknown}
 f - 4 potions of curing
 r - a potion of mutation {unknown}
 s - 2 potions of haste
 x - a potion of lignification {unknown}
 z - 2 potions of berserk rage
 A - a potion of ambrosia {unknown}


   Skills:
 + Level 7.8 Fighting
 + Level 8.0 Axes
 + Level 7.1 Armour
 + Level 7.1 Shields
 + Level 6.7 Invocations


You had 8 spell levels left.
You didn't know any spells.
Your spell library contained the following spells:

 Spells                   Type           Power      Damage    Failure   Level
 Scorch                   Fire           0%         2d5       99%         2
 Static Discharge         Conj/Air       0%         N/A       99%         2
 Dazzling Flash           Conj/Hex       0%         N/A       100%        3
 Flame Wave               Conj/Fire      0%         2d4       100%        4
 Agony                    Necr           0%         N/A       100%        5
 Lightning Bolt           Conj/Air       0%         1d11      100%        5
 Silence                  Hex/Air        0%         N/A       100%        5
 Summon Cactus Giant      Summ           0%         N/A       100%        6
 Maxwell's Capacitive Co  Air            0%         ∞         100%        8


Dungeon Overview and Level Annotations

Branches:
Dungeon (8/15)             Temple (0/1) D:6
   Lair: D:8-11

Altars:
Gozag
Makhleb
Okawaru
Yredelemnul
Zin

Annotations:
D:5 2 runed translucent doors, greasedhog's ghost, novice HOMo
D:6 Grinder; Maggie


Message History

The adder poisons you!
You hit the adder.
The adder is heavily wounded.
You slash the orc!
You kill the orc!
Makhleb accepts your kill.
You feel better.
You feel sick. The adder barely misses you.
Unknown command.
Unknown command.
You closely miss the adder.
The adder is heavily wounded.
You slash Maggie!
You feel sick. The adder misses you.
Maggie zaps a wand.
The bolt of acid hits you!!
* * * LOW HITPOINT WARNING * * *
The bolt of acid hits the adder!!!
The acid corrodes the adder!
The adder dies!
Unknown command.
You are too injured to fight recklessly!
You slash Maggie!
Maggie is moderately wounded.
Your surroundings suddenly seem different.
You break out of your daze!
You feel sick.
Unknown command.
Unknown command.
You start resting.
You feel sick.
You are no longer poisoned.
You start resting.
The sentinel's mark upon you fades away.
You start resting.
Maggie is nearby!
Maggie says, "If you die in the Dungeon, but nobody's around to see it, does it really matter?"
Maggie casts a spell.
Maggie attempts to bespell you!
You are mesmerised by Maggie!
There is a stone staircase leading up here.
You cannot move away from Maggie!
You feel very mighty all of a sudden.
Maggie zaps a wand.
The bolt of acid hits you!!!
You die...

###### ######## ###..>.#
#......# .......#
###......# .......#
##........# .....# ###
#....<....## .....#####.#
#.#.........#
...........###.#@........#
.....................[...#
......##...#@###.........#
.........#...# #.........#
......###..### ##..#######
#.....#....# ..##
@........... .##
##..#......## #..#...#...


You could see Maggie (mesmerising).

Vanquished Creatures
  The ghost of valliere the Conjurer, an amateur OpCj (D:4)
  3 water moccasins
  A black bear (D:5)
  An ogre (D:4)
  An ice beast (D:6)
  3 centaurs
  2 bullfrogs (D:7)
  A kobold brigand (D:7)
  A necrophage (D:4)
  2 scorpions (D:3)
  A water moccasin zombie (D:4)
  2 wights (D:4)
  4 howler monkeys
  4 hounds
  A human zombie (D:4)
  A jelly (D:5)
  2 gnoll shamans
  3 orc priests
  2 iguanas
  5 orc wizards
  A scorpion zombie (D:4)
  2 hound zombies (D:4)
  A howler monkey zombie (D:4)
  A mummy (D:4)
  Robin (D:2)
  14 gnolls
  5 adders
  2 white imps
  2 ufetubi
  2 adder zombies (D:4)
  3 worms
  5 dart slugs
  16 orcs
  12 endoplasms
  7 giant cockroaches
  6 goblins
  6 hobgoblins
  17 kobolds
  4 quokkas
  4 ball pythons
  4 bats
  4 frilled lizards
  5 rats
165 creatures vanquished.

Vanquished Creatures (others)
  An adder (D:6)
1 creature vanquished.

Grand Total: 166 creatures vanquished

Notes
Turn   | Place    | Note
-------+----------+-------------------------------------------
     0 | D:1      | siradein the Hill Orc Fighter began the quest for the Orb.
     0 | D:1      | Reached XP level 1. HP: 19/19 MP: 1/1
   291 | D:1      | Reached skill level 3 in Axes
   291 | D:1      | Reached XP level 2. HP: 27/27 MP: 2/2
   664 | D:1      | Reached XP level 3. HP: 33/33 MP: 3/3
  1161 | D:2      | Identified the +2 ring mail of the Evening Star {+Inv rCorr
                  | Dex-3}
  1433 | D:2      | Noticed Robin
  1443 | D:2      | Killed Robin
  1444 | D:2      | Reached XP level 4. HP: 40/40 MP: 4/4
  2038 | D:3      | Noticed a scorpion
  2046 | D:3      | Killed a scorpion
  2047 | D:3      | Reached skill level 4 in Axes
  2047 | D:3      | Reached XP level 5. HP: 44/47 MP: 5/5
  2127 | D:3      | Found a burning altar of Makhleb.
  2127 | D:3      | Noticed an Executioner
  2130 | D:3      | Noticed a neqoxec
  2130 | D:3      | Noticed a hellwing
  2215 | D:3      | Became a worshipper of Makhleb the Destroyer
  2246 | D:3      | Found a faded altar of an unknown god.
  2523 | D:3      | Reached skill level 1 in Invocations
  2535 | D:3      | Reached XP level 6. HP: 43/55 MP: 5/7
  2560 | D:3      | Reached skill level 5 in Fighting
  3176 | D:4      | Reached skill level 5 in Axes
  3220 | D:4      | Reached skill level 5 in Shields
  3220 | D:4      | Reached XP level 7. HP: 28/61 MP: 4/9
  3460 | D:4      | Reached skill level 5 in Armour
  3466 | D:4      | Reached * piety under Makhleb
  3783 | D:4      | Found a runed translucent gate.
  3806 | D:4      | Found a runed translucent gate.
  3807 | D:4      | Found a runed translucent gate.
  3808 | D:4      | Found an opulent altar of Gozag.
  3812 | D:4      | Noticed valliere's ghost (amateur OpCj)
  3968 | D:4      | Reached XP level 8. HP: 67/70 MP: 8/10
  4042 | D:4      | Reached skill level 6 in Axes
  4042 | D:4      | Found a basalt altar of Yredelemnul.
  4439 | D:4      | Killed valliere's ghost
  4590 | D:5      | Entered Level 5 of the Dungeon
  4867 | D:5      | Reached ** piety under Makhleb
  4906 | D:5      | Reached skill level 5 in Invocations
  5232 | D:5      | Found a large runed translucent door.
  5232 | D:5      | Found a large runed translucent door.
  5233 | D:5      | Noticed greasedhog's ghost (novice HOMo)
  5460 | D:5      | Found an iron altar of Okawaru.
  5468 | D:5      | Found a glowing silver altar of Zin.
  5510 | D:5      | Reached skill level 7 in Axes
  5863 | D:6      | You fall into a shaft and drop 2 floors!
  5874 | D:8      | Noticed a yak
  5875 | D:8      | Noticed a yak
  5875 | D:8      | Noticed a yak
  5876 | D:8      | Noticed a yak
  5876 | D:8      | Noticed a yak
  5877 | D:8      | Noticed a yak
  5953 | D:7      | Reached XP level 9. HP: 78/79 MP: 11/13
  6806 | D:6      | Found a staircase to the Ecumenical Temple.
  7025 | D:6      | Noticed Grinder
  7045 | D:6      | Noticed Maggie
  7046 | D:6      | Reached skill level 8 in Axes
  7063 | D:6      | Killed from afar by Maggie

Illustrated notes

Levels and vault maps discovered:
D:1:      dpeg_arrival_long_road, layout_loops_cross
D:2:      layout_basic, kennysheep_generic_room_2, uniq_robin
D:3:      layout_loops_ring, makhleb_altar_promises_db, basic_ecumenical_altar
D:4:      layout_rooms, lemuel_mausoleum_altar_yredelemnul, ebering_ghost_gozag,
          minmay_misc_feat_ornament, minmay_bent
D:5:      layout_basic, mainiacjoe_overflow_big_doors,
          ebering_ghost_disaster_area
D:6:      layout_rooms, led_xom_imps, minmay_temple_entry_slanted, uniq_grinder,
          uniq_maggie
D:7:      layout_loops_corners, serial_shops, shop
D:8:      layout_cave_pools

Skill      XL: |  1  2  3  4  5  6  7  8  9 |
---------------+----------------------------+-----
Axes           | 3 4 5 7 8 |  8.0
Fighting       | 4 5 6 7 |  7.8
Shields        | 4 5 6 7 |  7.1
Armour         | 4 5 6 7 |  7.1
Invocations    | 1 2 3 5 6 |  6.7

Action                   |  1- 3 |  4- 6 |  7- 9 || total
-------------------------+-------+-------+-------++-------
Melee: War axe           |   110 |   150 |   307 ||   567
Invok: Minor Destruction |       |       |    46 ||    46
  Use: Scroll            |       |     7 |     5 ||    12
       Potion            |       |       |     2 ||     2
Armor: Scale mail        |    45 |       |       ||    45
       Chain mail        |    14 |   133 |   248 ||   395
       Ring mail         |     9 |       |       ||     9
Dodge: Dodged            |    54 |    64 |   219 ||   337
Block: Buckler           |    24 |    35 |   100 ||   159

Table legend: (Time is in decaauts)
 A = Elapsed time spent in this place.
 B = Non-inter-level travel time spent in this place.
 C = Inter-level travel time spent in this place.
 D = Time resting spent in this place.
 E = Time spent auto-exploring this place.
 F = Levels seen in this place.
 G = Mean time per level.
                   A        B        C        D        E       F      G
               +--------+--------+--------+--------+--------+-----+--------+
         Total |   7225 |   7024 |    201 |   1077 |   4413 |   8 |  903.1 |
       Dungeon |   7225 |   7024 |    201 |   1077 |   4413 |   8 |  903.1 |
               +--------+--------+--------+--------+--------+-----+--------+

Top non-repeatable levels by time:
     D:3: 1520 daAuts
     D:4: 1413 daAuts
     D:5: 1383 daAuts
     D:1: 1152 daAuts
     D:7: 883 daAuts
     D:2: 642 daAuts
     D:6: 160 daAuts
     D:8: 69 daAuts
